 Dungeon Crawl Stone Soup version 0.23-a0-767-gdc19b93 (webtiles) character file.

10101 DekuTree the Arsonist (level 11, -2/80 HPs)
             Began as a Demonspawn Fire Elementalist on Jan 20, 2019.
             Was a Believer of Vehumet.
             Slain by a komodo dragon (24 damage)
             ... on level 1 of the Lair of Beasts.
             The game lasted 00:31:18 (14417 turns).

DekuTree the Arsonist (DsFE)                       Turns: 14417, Time: 00:31:19

Health: -2/80      AC: 19    Str:  9    XL:     11   Next: 31%
Magic:  11/20      EV: 14    Int: 19    God:    Vehumet [**....]
Gold:   512        SH: 10    Dex: 14    Spells: 9/22 levels left

rFire    . . .     SeeInvis .   z - +1 trident (protect)
rCold    . . .     Gourm    .   A - +1 buckler
rNeg     . . .     Faith    .   e - +0 ring mail
rPois    +         Spirit   .   f - +2 helmet
rElec    .         Reflect  +   E - +2 cloak
rCorr    .         Harm     .   t - +2 pair of gloves
MR       +....                  (boots unavailable)
Stlth    ++++......             n - +4 amulet of reflection
HPRegen  0.23/turn              h - +3 ring of protection
MPRegen  0.17/turn              l - ring of poison resistance

@: no status effects
A: hooves 3, magic resistance 1, nightstalker 1, sense surroundings 1,
MP-powered wands, sturdy frame 2
a: Renounce Religion


You were on level 1 of the Lair of Beasts.
You worshipped Vehumet.
Vehumet was pleased with you.
You were hungry.

You visited 3 branches of the dungeon, and saw 12 of its levels.
You also visited: Ossuary.

You collected 512 gold pieces.

Inventory:

Hand Weapons
 a - a +3 hand axe of electrocution
 z - a +1 trident of protection (weapon)
Armour
 e - a +0 ring mail (worn)
 f - a +2 helmet (worn)
 t - a +2 pair of gloves (worn)
 w - a +2 pair of boots of stealth
 y - the +1 cloak of the Earth {rN+}
   (You found it on level 10 of the Dungeon)

   It protects you from negative energy.
 A - a +1 buckler (worn)
 E - a +2 cloak (worn)
Jewellery
 h - a +3 ring of protection (left hand)
 j - an uncursed ring of protection from fire
 l - a ring of poison resistance (right hand)
 n - a +4 amulet of reflection (around neck)
 s - an uncursed amulet of magic regeneration
 u - an uncursed ring of resist corrosion
Wands
 o - a wand of digging (7)
 v - a wand of paralysis (7)
 D - a wand of acid (11)
Scrolls
 b - 3 scrolls of fog
 p - 3 scrolls of remove curse
 q - 2 scrolls of noise
 r - 3 scrolls of teleportation
 B - a scroll of summoning
 C - a scroll of identify
Potions
 d - 2 potions of haste
 g - a potion of flight
 i - 6 potions of curing
 k - 3 potions of lignification
 m - a potion of invisibility
Comestibles
 c - 15 rations
 x - 8 chunks of flesh


   Skills:
 - Level 5.2 Fighting
 - Level 5.6 Armour
 - Level 5.0 Dodging
 + Level 6.5 Stealth
 - Level 4.0 Shields
 + Level 6.2 Spellcasting
 + Level 7.4 Conjurations
 + Level 8.0 Fire Magic


You had 9 spell levels left.
You knew the following spells:

 Your Spells              Type           Power        Failure   Level  Hunger
a - Flame Tongue          Conj/Fire      #####        1%          1    None
b - Conjure Flame         Conj/Fire      #####...     1%          3    ##.....
c - Sticky Flame          Conj/Fire      #####...     5%          4    ####...
d - Fireball              Conj/Fire      #####.....   14%         5    #####..

Your spell library contained the following spells:

 Spells                   Type           Power        Failure   Level  Hunger
 Throw Frost              Conj/Ice       ###...       4%          2    None
 Throw Flame              Conj/Fire      #####.       1%          2    None
 Inner Flame              Hex/Fire       ###.....     7%          3    ##.....
 Dazzling Spray           Conj/Hex       ###...       9%          3    ##.....
 Corona                   Hex            #......      13%         1    None
 Ensorcelled Hibernation  Hex/Ice        #.....       19%         2    None
 Confuse                  Hex            #.......     36%         3    ##.....
 Tukima's Dance           Hex            #.......     36%         3    ##.....


Dungeon Overview and Level Annotations

Branches:
Dungeon (10/15)            Temple (1/1) D:7            Lair (1/6) D:9
    Orc: D:9-12

Altars:
Ashenzari
Cheibriados
Dithmenos
Elyvilon
Fedhas
Gozag
Hepliaklqana
Kikubaaqudgha
Makhleb
Nemelex Xobeh
Okawaru
Qazlal
Ru
Sif Muna
Trog
Uskayaw
Vehumet
Wu Jian
Xom
Yredelemnul
Zin
The Shining One

Shops:
D:9 }


Innate Abilities, Weirdness & Mutations

You have hooves in place of feet.
You are slightly more attuned to the shadows.
Your movements are less encumbered by armour. (ER -4)
You are resistant to hostile enchantments. (MR+)
You passively map a small area around you.
You expend magic power (3 MP) to strengthen your wands.


Message History

Vehumet accepts your kill.
You feel your power returning. You block the spiny frog's attack.
The komodo dragon bites you. You block the komodo dragon's attack.
The spiny frog completely misses you.
Casting: Sticky Flame (safe; 5% risk of failure)
Confirm with . or Enter, or press ? or * to list all spells.
Aiming: Sticky Flame (safe; 5% risk of failure)
Press: ? - help, Shift-Dir - straight line, f - komodo dragon
Aim: a komodo dragon The sticky flame hits the komodo dragon.
The komodo dragon is lightly wounded.
The komodo dragon is covered in liquid flames!
The komodo dragon burns!
The spiny frog stings you. The komodo dragon bites you!
A black mamba comes into view.
The komodo dragon burns!
The spiny frog stings you.
* * * LOW HITPOINT WARNING * * *
The komodo dragon bites you!!
You die...

#.......#
#.......######
#.............
#.......>.....
#.............
##.............
#..............
##.lF..........,
,
#..@.....S.$..,
#.............
#........., ,
#.........
#.........
#######P##* , ##


You could see a komodo dragon (burning), a black mamba (wandering) and a spiny
frog.

Vanquished Creatures
  A hydra (Lair:1)
  An ugly thing (D:10)
  Maurice (D:10)
  Psyche (D:8)
  The ghost of gravelinger the Ogre Mage, a novice OgWz of Vehumet (D:6)
  Prince Ribbit (D:8)
  A hornet (D:9)
  A hippogriff (D:7)
  A meliai zombie (D:10)
  Sigmund (D:2)
  A spriggan (D:7)
  A wyvern (D:10)
  3 yaks (Lair:1)
  A basilisk (Lair:1)
  2 steam dragons
  Menkaure (D:5)
  A water moccasin (Lair:1)
  2 orc warriors (D:9)
  A porcupine (D:8)
  Duvessa (D:7)
  3 ice beasts
  A sky beast (D:6)
  2 black bears
  2 phantoms
  A necrophage (D:6)
  An ogre (D:8)
  3 centaurs
  4 crocodiles (Lair:1)
  8 bullfrogs
  A gnoll sergeant (D:8)
  Dowan (D:7)
  2 water moccasin zombies (Ossuary)
  A water moccasin skeleton (D:7)
  3 scorpions
  15 killer bees
  5 wights (D:6)
  2 howler monkeys
  5 crimson imps
  2 quasits
  4 hounds
  3 gnoll shamans
  A centaur zombie (D:6)
  9 orc priests
  A jelly (D:8)
  12 orc wizards
  2 centaur skeletons
  4 iguanas
  3 worker ants
  3 big kobold zombies (Ossuary)
  3 mummies
  2 howler monkey zombies
  20 gnolls
  13 adders
  A shadow imp (D:7)
  2 oozes
  An adder skeleton (D:8)
  2 adder zombies (Ossuary)
  4 worms
  5 dart slugs
  6 leopard geckos
  32 orcs
  A ball python (D:5)
  9 bats
  6 giant cockroaches
  11 goblins
  6 hobgoblins
  2 jackals (D:6)
  3 quokkas
  12 frilled lizards
  6 gnoll zombies
  8 hobgoblin zombies (Ossuary)
  9 kobolds
  6 kobold zombies (Ossuary)
  A leopard gecko skeleton (D:6)
  7 orc zombies (Ossuary)
  2 quokka skeletons
  5 rats
313 creatures vanquished.

Vanquished Creatures (others)
  A fungus (D:9)
1 creature vanquished.

Grand Total: 314 creatures vanquished

Notes
Turn   | Place    | Note
-------+----------+-------------------------------------------
     0 | D:1      | DekuTree the Demonspawn Fire Elementalist began the quest
                  | for the Orb.
     0 | D:1      | Reached XP level 1. HP: 13/13 MP: 3/3
   517 | D:1      | Gained mutation: Your movements are slightly less
                  | encumbered by armour. (ER -2) [demonic ancestry]
   517 | D:1      | Reached XP level 2. HP: 19/19 MP: 3/5
   589 | D:1      | Reached skill level 3 in Fire Magic
  1112 | D:1      | Reached XP level 3. HP: 25/25 MP: 4/6
  1937 | D:2      | Learned a level 3 spell: Conjure Flame
  2061 | D:2      | Reached skill level 1 in Fighting
  2093 | D:2      | Noticed Sigmund
  2094 | D:2      | Gained mutation: You are slightly more attuned to the
                  | shadows. [demonic ancestry]
  2094 | D:2      | Reached XP level 4. HP: 32/32 MP: 5/7
  2141 | D:2      | Killed Sigmund
  2141 | D:2      | Reached skill level 4 in Fire Magic
  2141 | D:2      | Gained mutation: You have large cloven feet. [demonic
                  | ancestry]
  2141 | D:2      | Reached XP level 5. HP: 17/38 MP: 7/9
  2690 | D:2      | Found a glowing golden altar of the Shining One.
  3058 | D:3      | Reached XP level 6. HP: 44/44 MP: 6/10
  3408 | D:3      | Learned a level 4 spell: Sticky Flame
  4271 | D:4      | Found a bloodstained altar of Trog.
  4297 | D:4      | Found a white marble altar of Elyvilon.
  4552 | D:4      | Reached XP level 7. HP: 51/51 MP: 4/11
  4876 | D:4      | Reached skill level 5 in Fire Magic
  5281 | D:4      | Reached skill level 1 in Armour
  5676 | D:5      | Entered Level 5 of the Dungeon
  5696 | D:4      | Reached XP level 8. HP: 43/58 MP: 5/13
  5830 | D:5      | Found a basalt altar of Yredelemnul.
  5984 | D:5      | Noticed Menkaure
  5989 | D:5      | Killed Menkaure
  6080 | D:5      | Found a sand-covered staircase.
  6131 | Ossuary  | Entered an ossuary
  6489 | Ossuary  | Reached skill level 5 in Armour
  6644 | D:5      | Found a deep blue altar of Sif Muna.
  6708 | D:5      | Found a sacrificial altar of Ru.
  7248 | D:6      | Gained mutation: You evolve. [potion of mutation]
  7248 | D:6      | Gained mutation: You passively map a small area around you.
                  | [potion of mutation]
  7344 | D:6      | Gained mutation: You are covered in fur. (AC +1)
                  | [evolution]
  7344 | D:6      | Lost mutation: You evolve. [end of evolution]
  7428 | D:6      | Lost mutation: You are covered in fur. (AC +1) [potion of
                  | mutation]
  7428 | D:6      | Gained mutation: You are resistant to hostile enchantments.
                  | (MR+) [potion of mutation]
  7428 | D:6      | Gained mutation: You expend magic power (3 MP) to
                  | strengthen your wands. [potion of mutation]
  7450 | D:6      | Gained mutation: You have hoof-like feet. [demonic
                  | ancestry]
  7450 | D:6      | Reached XP level 9. HP: 53/65 MP: 5/15
  7940 | D:6      | Reached skill level 6 in Fire Magic
  8281 | D:6      | Found a runed door.
  8283 | D:6      | Noticed gravelinger's ghost (novice OgWz)
  8328 | D:6      | Killed gravelinger's ghost
  8328 | D:6      | Reached skill level 5 in Conjurations
  8672 | D:7      | Noticed Duvessa
  8672 | D:7      | Noticed Dowan
  8685 | D:7      | Killed Duvessa
  8685 | D:7      | Reached skill level 5 in Stealth
  8687 | D:7      | Killed Dowan
  9080 | D:7      | Found an iron altar of Okawaru.
  9120 | D:7      | Reached skill level 5 in Spellcasting
  9367 | D:7      | Found a hazy altar of Hepliaklqana.
  9371 | D:7      | Found an ancient bone altar of Kikubaaqudgha.
  9376 | D:7      | Gained mutation: Your movements are less encumbered by
                  | armour. (ER -4) [demonic ancestry]
  9376 | D:7      | Reached XP level 10. HP: 73/73 MP: 13/17
  9564 | D:7      | Found a staircase to the Ecumenical Temple.
  9651 | Temple   | Entered the Ecumenical Temple
  9688 | Temple   | Became a worshipper of Vehumet
  9793 | D:8      | Found a hide-covered altar of Uskayaw.
  9835 | D:8      | Noticed Psyche
  9837 | D:8      | Reached skill level 5 in Fighting
  9837 | D:8      | Reached skill level 7 in Fire Magic
  9843 | D:8      | Killed Psyche
 10029 | D:8      | Noticed Prince Ribbit
 10046 | D:8      | Killed Prince Ribbit
 10461 | D:8      | Reached * piety under Vehumet
 10461 | D:8      | Offered knowledge of Sandblast by Vehumet.
 11028 | D:9      | Found a stormy altar of Qazlal.
 11051 | D:9      | Reached skill level 1 in Shields
 11984 | D:9      | Found Taggaunk's Gadget Emporium.
 12090 | D:9      | Found a staircase to the Lair.
 12274 | D:9      | Found a snail-covered altar of Cheibriados.
 12307 | D:9      | Reached skill level 5 in Dodging
 12498 | D:9      | Offered knowledge of Searing Ray by Vehumet.
 12539 | D:9      | Reached ** piety under Vehumet
 12891 | D:9      | Found a sparkling altar of Nemelex Xobeh.
 12924 | D:10     | Entered Level 10 of the Dungeon
 13156 | D:10     | Noticed Maurice
 13170 | D:10     | Killed Maurice
 13322 | D:10     | Noticed a purple ugly thing
 13418 | D:10     | Killed a purple ugly thing
 13418 | D:10     | Gained mutation: You have hooves in place of feet. [demonic
                  | ancestry]
 13418 | D:10     | Reached XP level 11. HP: 63/80 MP: 5/19
 13522 | D:10     | Got a scorched cloak
 13523 | D:10     | Identified the +1 cloak of the Earth {rN+} (You found it on
                  | level 10 of the Dungeon)
 13579 | D:10     | Found a shadowy altar of Dithmenos.
 14035 | Lair:1   | Entered Level 1 of the Lair of Beasts
 14056 | Lair:1   | Learned a level 5 spell: Fireball
 14223 | Lair:1   | Noticed an eight-headed hydra
 14272 | Lair:1   | Killed an eight-headed hydra
 14276 | Lair:1   | Reached skill level 8 in Fire Magic
 14364 | Lair:1   | Offered knowledge of Throw Frost by Vehumet.
 14417 | Lair:1   | Slain by a komodo dragon

Vault maps used:
D:1:      eino_arrival_water_star, st_stairs_8, minmay_pentomino_x2
D:2:      nicolae_tso_carved_into_rock, minmay_between, uniq_sigmund
D:4:      nicolae_overflow_crystal_walls, lemuel_doored_altar, first_ration,
          st_stairs_5
D:5:      wander_river, nicolae_ru_awakened_eye,
          lemuel_zombie_altar_yredelemnul, lemuel_blue_sif_altar,
          enter_ossuary_1, uniq_menkaure
D:6:      gammafunk_ghost_grave
D:7:      minitemple, minmay_temple_entry_hall, the_bakery,
          okawaru_altar_gauntlet_db, uniq_duvessa
D:8:      marbit_many_paths, nicolae_benzene_ring, minivault_11,
          minmay_misc_feat_four_crosses, minmay_misc_feat_plants,
          uniq_prince_ribbit1, uniq_psyche
D:9:      slow_altar_1, nicolae_qazlal_style_of_elements, lemuel_round_altar,
          grunt_lair_entry_orc_guard_hut, serial_shops,
          nicolae_shop_statue_plus, minmay_misc_feat_ornament
D:10:     grunt_dithmenos_smoke, uniq_maurice
Temple:   eino_wide_crystal_templ
Lair:1:   lemuel_reptile_caves, gauntlet_entry_generic
Ossuary:  ossuary_tomb_2

Skill      XL: |  1  2  3  4  5  6  7  8  9 10 11 |
---------------+----------------------------------+-----
Fire Magic     | 3 4 5 6 7 8 |  8.0
Conjurations   | 2 3 4 5 6 7 |  7.4
Fighting       | 1 2 3 4 5 |  5.2
Stealth        | 2 3 4 5 6 |  6.5
Spellcasting   | 3 4 5 6 |  6.2
Armour         | 2 5 |  5.6
Dodging        | 3 5 |  5.0
Shields        | 4 |  4.0

Action                   |  1- 3 |  4- 6 |  7- 9 | 10-12 || total
-------------------------+-------+-------+-------+-------++-------
Melee: Unarmed           |    16 |       |       |       ||    16
       Mace              |    13 |    51 |    17 |       ||    81
       Kick              |       |     5 |       |    16 ||    21
       Hand axe          |       |       |   271 |    76 ||   347
       Trident           |       |       |       |   220 ||   220
 Cast: Flame Tongue      |    59 |    98 |   249 |    38 ||   444
       Conjure Flame     |       |     1 |     8 |     1 ||    10
       Sticky Flame      |       |       |     6 |    55 ||    61
  Use: Scroll            |     6 |     1 |    12 |    10 ||    29
       Potion            |       |     8 |     8 |     1 ||    17
 Stab: Sleeping          |     1 |     3 |     4 |    15 ||    23
  Eat: Chunk             |     4 |     6 |    13 |    18 ||    41
       Ration            |       |     1 |     1 |     2 ||     4
Armor: Robe              |    17 |    21 |       |       ||    38
       Skin              |       |    49 |    18 |       ||    67
       Leather armour    |       |     1 |     8 |       ||     9
       Ring mail         |       |       |   202 |   201 ||   403
Dodge: Dodged            |    34 |    46 |   262 |   258 ||   600
Block: Other             |     1 |    13 |    93 |    10 ||   117
       Reflection        |       |     2 |     7 |     2 ||    11
       Buckler           |       |       |       |   172 ||   172

Table legend:
 A = Non-vault XP
 B = Vault XP
 C = Vault XP percentage of total XP
 D = Non-vault monster count
 E = Vault monster count
 F = Vault count percentage of total count
                 A         B        C        D         E       F
            +---------+---------+-------+---------+---------+-------
      Total |   10770 |    3660 |  25.4 |     245 |      67 |  21.5
            +---------+---------+-------+---------+---------+-------
        D:1 |      55 |       1 |   1.8 |      27 |       1 |   3.6
        D:2 |      74 |     247 |  76.9 |      19 |       3 |  13.6
        D:3 |     108 |       0 |   0.0 |      21 |       0 |   0.0
        D:4 |     940 |       2 |   0.2 |      39 |       1 |   2.5
        D:5 |     282 |     178 |  38.7 |      13 |       3 |  18.8
        D:6 |    1420 |     437 |  23.5 |      33 |       1 |   2.9
        D:7 |    1205 |     467 |  27.9 |      21 |       9 |  30.0
        D:8 |    1041 |    1089 |  51.1 |      26 |       5 |  16.1
        D:9 |    1855 |     147 |   7.3 |      26 |       2 |   7.1
       D:10 |    1809 |     445 |  19.7 |      13 |       1 |   7.1
     Lair:1 |    1981 |     330 |  14.3 |       7 |       8 |  53.3
    Ossuary |       0 |     317 | 100.0 |       0 |      33 | 100.0
            +---------+---------+-------+---------+---------+-------
